Unix NetHack Version 5.0.0-0 post-release - last build May  4 2026 22:22:43 (774f63e81ad911689b3a0859ea89b322d5daca8d,branch:main).

Game began 2026-05-10 06:13:05, ended 2026-05-10 16:32:52.

Galadhan1, lawful female human Valkyrie

                                                                ##--
                            -------                       ----- #..--
                         ----).)..|       --------------- |...-##...|    ----
                    ---  |.......)----    |.............---.........##---.|.--
                  ---.|  |....|.|....--   |...---------......................|
                  |...|  ---..|----...|   --...--     |.....................#|
                  |...--   |.--   --..--   ---..--    |......................#-
                    |<.-- --.|     --..|     |...|    ---------...............|
                    --..--|..|      --.|---- ---.|        ------..............|
                     --.^||.--       |.||..--  |.|       --).| --........##.^--
                      --.|-.|        |.--...---|+|       |...-----.........##-
                       |.|..|        |...|....-|.|       --....|--......##.##-
                       |.|.--        ---.|....)|@--       |....--....#####...|
                      --...|           |.......@@.--      --........## ###...|
                    ---...--           ----........|       |.......#---#.....--
                    |.....|               |.......--      --......-# |........|
                    --....|               --......-       |...))---###........|
                     |....|                -.......|      |....--   |^........|
                     |...--               |.....|.--      --.|.|    --.......--
                     -----                --.|.----        -----     --.#.----
                                           -----                      ---#-
Galadhan1 the Fighter       St:12 Dx:16 Co:18 In:9 Wi:11 Ch:9  Lawful
Dlvl:7  $:596 HP:0(57) Pw:19(19) AC:7  Xp:7 T:4053  Satiated

Latest messages:
 The watch captain swings his long sword.  The watch captain hits!  The watch captain swings his long sword.  The watch captain hits again!
 The Uruk-hai swings his orcish bow.  The Uruk-hai hits!
 What do you want to read? [FP or ?*] *
 As you read the scroll, it disappears.  Where do you want to be teleported?  (For instructions type a '?')
 You materialize in a different location!
 You climb up the stairs.
 There is a staircase down to level 8 here.  You see here an arrow.
 What do you want to wield? [- abR or ?*] *
 You are already wielding that!
 Really save? [yn] (n) y
 Saving...
 Restoring save file...
 Velkommen Galadhan1, the human Valkyrie, welcome back to NetHack!
 In what direction? <esc>
 There is a staircase down to level 8 here.
 You see here an arrow.
 The wood nymph appears!
 You hear crashing rock.
 The wood nymph is almost hit by a dart!
 The wood nymph picks up a dart.
 The wood nymph puts on a pair of combat boots.
 You see here a vellum spellbook.
 The Green-elf wields an elven bow!
 The Green-elf wields an elven spear!
 The Green-elf wields an elven dagger!
 The Green-elf thrusts her elven spear.
 The Green-elf hits!
 You hit the Green-elf.
 The Green-elf thrusts her elven spear.
 The Green-elf hits!
 What do you want to ready? [- $bR or ?*] <esc>
 Never mind.
 What do you want to drink? [eqACJ or ?*] A
 You feel much better.
 The Green-elf thrusts her elven dagger.
 The Green-elf hits!
 The Green-elf throws an elven spear!
 The elven spear misses the Green-elf.
 You are hit by an elven spear!
 The Green-elf thrusts her elven spear.
 The Green-elf hits!
 The Green-elf picks up an elven spear.
 The Green-elf thrusts her elven spear.
 The Green-elf hits!
 You die...
 Do you want your possessions identified? [ynq] (y) y
 Do you want to see your attributes? [ynq] (y) y
 Do you want an account of creatures vanquished? [ynaq] (y) n
 Do you want to see your conduct and achievements? [ynq] (y) n
 Do you want to see the dungeon overview? [ynq] (y) n

Inventory:
 Coins    ('$')
  $ - 596 gold pieces
 Weapons  (')')
  b - 4 +0 daggers (at the ready)
  a - a +1 spear (weapon in right hand)
  R - a thoroughly rusty -1 long sword
 Armor    ('[')
  u - an uncursed +0 orcish helm (being worn)
  S - an uncursed +0 shield of shock resistance (being worn)
  n - an uncursed very rotted +0 studded leather armor (being worn)
 Comestibles  ('%')
  h - a cursed food ration
  s - 3 uncursed tripe rations
  r - an uncursed egg
  E - an uncursed lizard corpse
 Scrolls  ('?')
  F - a cursed scroll of identify
 Potions  ('!')
  J - an uncursed potion of fruit juice named 50
  e - 2 uncursed potions of gain energy
  q - 3 uncursed potions of healing named cheapshit
  C - an uncursed potion of speed named 200
 Rings    ('=')
  N - a cursed ring of polymorph control named 300
 Wands    ('/')
  l - a blessed wand of cancellation named 200 (0:5)
  L - a wand of digging named 150 (0:6)
  D - a wand of striking named 150 (0:6)
 Tools    ('(')
  f - a cursed mirror
  O - an uncursed oil lamp
  i - a cursed skeleton key
  w - an uncursed tallow candle
  g - an uncursed towel
 Gems/Stones  ('*')
  B - an uncursed luckstone

Galadhan1 the Valkyrie's attributes:

Background:
 You were a Fighter, a level 7 human Valkyrie.
 You were lawful, on a mission for Tyr
 who was opposed by Odin (neutral) and Loki (chaotic).
 You were right-handed.
 You were in the Gnomish Mines, on level 7.
 You entered the dungeon 4053 turns ago.
 You had 1150 experience points, 130 more were needed to attain level 8.

Basics:
 You had 0 out of 57 hit points.
 You had all 19 energy points (spell power).
 Your armor class was 7.
 Your wallet contained 596 zorkmids.
 Autopickup was off.

Final Characteristics:
 Your strength was 12 (peak:14, limit:18/100).
 Your dexterity was 16 (limit:18).
 Your constitution was 18 (limit:18).
 Your intelligence was 9 (limit:18).
 Your wisdom was 11 (limit:18).
 Your charisma was 9 (limit:18).

Final Status:
 You were satiated.
 You were unencumbered.
 You were wielding a spear.
 You were skilled in spear and could have enhanced that.

Final Attributes:
 You were piously aligned.
 You were cold resistant.
 You were shock resistant.
 Your items were protected from electric shocks.
 You were stealthy.
 You were warded.
 You were fast.
 You were lucky.
 You had extra luck.
 Bad luck did not time out for you.
 Good luck did not time out for you.
 You are dead.

Miscellaneous:
 You didn't encounter any bones levels.
 Total elapsed playing time was 3 hours, 12 minutes and 45 seconds.

Major events:
 Turn
    1: Galadhan1 the lawful human Valkyrie entered the dungeon
  950: attained the rank of Skirmisher (level 3)
 1797: entered the Gnomish Mines
 2678: attained the rank of Fighter (level 6)
 2899: reached Mine Town
 4053: killed by a Green-elf

You didn't know any spells.

Skills:
 Fighting Skills
   bare handed combat [Unskilled]
   two weapon combat  [Unskilled]
   riding             [Unskilled]
 Weapon Skills
   dagger             [Basic]
   axe                [Unskilled]
   pick-axe           [Unskilled]
   short sword        [Unskilled]
   broadsword         [Unskilled]
   long sword         [Unskilled]
   two-handed sword   [Unskilled]
   saber              [Unskilled]
   hammer             [Unskilled]
   quarterstaff       [Unskilled]
   polearms           [Unskilled]
   spear              [Skilled]
   trident            [Unskilled]
   lance              [Unskilled]
   sling              [Unskilled]
 Spellcasting Skills
   attack spells      [Unskilled]
   escape spells      [Unskilled]

Voluntary challenges:
 Character rerolling was not enabled.
 You never genocided any monsters.
 You never polymorphed an object.
 You never changed form.
 You used no wishes.
Achievements:
 You entered a shop.
 You attained the rank of Skirmisher.
 You entered the Gnomish Mines.
 You attained the rank of Fighter.
 You entered Minetown.
 You entered a temple.

 The Dungeons of Doom: levels 1 to 4
    Level 1:
       An altar, a fountain.
    Level 2:
       Many fountains, a sink.
    Level 3:
       A food shop, a fountain.
    Level 4:
       Some fountains.
       Stairs down to The Gnomish Mines.
 The Gnomish Mines: levels 5 to 8
    Level 5:
    Level 6:
    Level 7: <- You were here.
       Final resting place for
          you, killed by a Green-elf.
    Level 8:
       Some shops, a temple and an altar, a fountain.


Vanquished creatures:
  2 large mimics
  a small mimic
  a giant beetle
  a panther
  a black light
 an ogre
  4 brown puddings
  2 lizards
  a dingo
  a dust vortex
  a raven
 an Uruk-hai
  6 gnome leaders
  3 gnomish wizards
  a kobold mummy
  a gray ooze
 an elf zombie
  a kitten
  a homunculus
  a kobold leader
  3 hill orcs
  a rothe
  a monkey
  4 dwarf zombies
 an acid blob
  2 hobgoblins
  2 giant rats
  a brown mold
 32 gnomes
  4 garter snakes
  a gnome zombie
  a gecko
  6 jackals
  2 foxes
  2 goblins
  3 sewer rats
  2 grid bugs
  a lichen
  2 kobold zombies
  4 newts
107 creatures vanquished.

No species were genocided or became extinct.

Game over:
                       ----------
                      /          \
                     /    REST    \
                    /      IN      \
                   /     PEACE      \
                  /                  \
                  |    Galadhan1     |
                  |      596 Au      |
                  |   killed by a    |
                  |    Green-elf     |
                  |                  |
                  |                  |
                  |       2026       |
                 *|     *  *  *      | *
        _________)/\\_//(\/(/\)/\//\/|_)_______

Farvel Galadhan1 the Valkyrie...

You died in The Gnomish Mines on dungeon level 7 with 5573 points,
and 596 pieces of gold, after 4053 moves.
You were level 7 with a maximum of 57 hit points when you died.

